 Dungeon Crawl Stone Soup version 0.31-a0-319-g4fced400ed (webtiles) character file.

Game seed: 2923304736333843472

2508094 Monkooky the Skinwalker (level 23, 154/154 HPs)
             Began as an Octopode Shapeshifter on July 16, 2023.
             Was the Champion of Ru.
             Escaped with the Orb
             ... and 4 runes on July 17, 2023!
             The game lasted 02:11:20 (56307 turns).

Monkooky the Skinwalker (Octopode Shapeshifter)    Turns: 56307, Time: 02:11:21

Health: 154/154    AC: 13    Str: 29    XL:     23   Next: 97%
Magic:  32/32      EV: 52    Int: 10    God:    Ru [******]
Gold:   2894       SH:  0    Dex: 29    Spells: 41/41 levels left

rFire   + .          .
                       - Unarmed
rCold   + . .        (shield currently unavailable)
rNeg    + + .        (helmet currently unavailable)
rPois   ∞            P - amulet of the acrobat
rElec   +            U - +6 ring of strength
rCorr   +            K - ring of fire
SInv    .            p - ring "Dighunle" {AC+4 Int+3}
Will    ++...        R - ring of the Heavens {rN+ MP+9 Dex+6}
Stlth   ++           y - ring "Weokic" {rElec Str+6 Dex+2}
HPRegen 0.45/turn    e - ring "Trusted Companion" {Fly rC+ rN+ MP-9}
MPRegen 0.23/turn    Z - ring of the Tempest {Will+ rCorr Str+3}
                     X - ring of protection from cold

%: acrobat
@: storm-form, flying
A: cleaving, insubstantial, flying, almost no armour, amphibious, 8 rings,
(camouflage 1), dopey 2, low MP 1, (gelatinous body 1), no potion heal 1,
inability to drink after injury 2, inability to use devices, no fire magic, no
translocations magic, no transmutations magic, disrupted magic 1, (nimble
swimmer 1), (tentacles), frail 1, weak 1
0: Orb of Zot
}: 4/15 runes: decaying, serpentine, slimy, abyssal
a: Blinkbolt, Begin Untransformation, Renounce Religion, Draw Out Power, Power
Leap, Apocalypse


You escaped.
You worshipped Ru.
Ru was exalted by your worship.
You were a lightning-filled tempest!
You visited 11 branches of the dungeon, and saw 51 of its levels.
You visited the Abyss 1 time.
You also visited: Trove, Bailey and Gauntlet.

You collected 6182 gold pieces.
You spent 3288 gold pieces at shops.

Inventory:

Jewellery
 b - a +4 ring of protection
 e - the ring "Trusted Companion" (on tentacle) {Fly rC+ rN+ MP-9}
   (You found it on level 5 of the Pits of Slime)

   [ring of positive energy]

   rC:        It protects you from cold.
   rN:        It protects you from negative energy.
   MP:        It affects your magic capacity (-9).
   Fly:       It grants you flight.
 g - a ring of see invisible
 j - the ring of the Tick {rElec AC+4 Int+2}
   (You took it off a deep elf high priest on level 3 of the Elven Halls)

   [ring of protection]

   AC:        It affects your AC (+4).
   Int:       It affects your intelligence (+2).
   rElec:     It insulates you from electricity.
 k - a +5 ring of evasion
 p - the ring "Dighunle" (on tentacle) {AC+4 Int+3}
   (You bought it in a shop on level 15 of the Dungeon)

   [ring of protection]

   AC:        It affects your AC (+4).
   Int:       It affects your intelligence (+3).
 x - a ring of positive energy
 y - the ring "Weokic" (on tentacle) {rElec Str+6 Dex+2}
   (You bought it in a shop on level 15 of the Dungeon)

   [ring of strength]

   Str:       It affects your strength (+6).
   Dex:       It affects your dexterity (+2).
   rElec:     It insulates you from electricity.
 z - a ring of ice
 A - a ring of willpower
 D - an amulet of reflection
 K - a ring of fire (right tentacle)
 L - a ring of positive energy
 M - a ring of magical power
 P - an amulet of the acrobat (around neck)
 Q - a ring of willpower
 R - the ring of the Heavens (on tentacle) {rN+ MP+9 Dex+6}
   (You acquired it on level 1 of the Elven Halls)

   [ring of dexterity]

   Dex:       It affects your dexterity (+6).
   rN:        It protects you from negative energy.
   MP:        It affects your magic capacity (+9).
 S - the ring "Exuc" {Fire Will- Dex+5}
   (You found it in a treasure trove)

   [ring of fire]

   It enhances your fire magic.
   Dex:       It affects your dexterity (+5).
   rF:        It protects you from fire.
   rC:        It makes you vulnerable to cold.
   Will:      It decreases your willpower.
 U - a +6 ring of strength (left tentacle)
 V - the amulet "Cyckic" {Faith Will+ Slay+3}
   (You found it in a treasure trove)

   [amulet of faith]

   It allows you to gain divine favour quickly.
   Slay:      It affects your accuracy & damage with ranged weapons and melee
   (+3).
   Will:      It increases your willpower.
 W - a ring of magical power
 X - a ring of protection from cold (on tentacle)
 Z - the ring of the Tempest (on tentacle) {Will+ rCorr Str+3}
   (You found it on level 1 of the Swamp)

   [ring of resist corrosion]

   Str:       It affects your strength (+3).
   rCorr:     It protects you from acid and corrosion.
   Will:      It increases your willpower.
Scrolls
 c - 7 scrolls of poison
 d - 13 scrolls of immolation
 h - 5 scrolls of vulnerability
 i - 11 scrolls of teleportation
 m - a scroll of revelation
 n - a scroll of identify
 q - 4 scrolls of blinking
 r - 13 scrolls of fog
 t - 7 scrolls of amnesia
 u - 13 scrolls of fear
 G - 2 scrolls of butterflies
 O - 3 scrolls of silence
 T - 3 scrolls of torment
 Y - 2 scrolls of enchant armour
Potions
 a - 2 potions of ambrosia
 f - 19 potions of curing
 l - 2 potions of magic
 o - 4 potions of attraction
 s - 7 potions of mutation
 v - 6 potions of enlightenment
 w - 15 potions of heal wounds
 B - 6 potions of might
 C - 9 potions of lignification
 E - 7 potions of brilliance
 F - a potion of cancellation
 H - 5 potions of invisibility
 I - a potion of haste
 J - 2 potions of berserk rage


   Skills:
 - Level 18.8 Fighting
 - Level 17.7 Dodging
 - Level 13.5 Stealth
 + Level 18.6 Unarmed Combat
 - Level 9.5 Spellcasting
 - Level 22.0 Shapeshifting


You had 41 spell levels left.
You didn't know any spells.
Your spell library contained the following spells:

 Spells                   Type           Power      Damage    Failure   Level
 Kiss of Death            Conj/Necr      16%        2d6       21%         1
 Magic Dart               Conj           16%        1d3       21%         1
 Necrotise                Necr           16%        1d4       21%         1
 Sandblast                Erth           8%         2d5       21%         1
 Summon Small Mammal      Summ           16%        N/A       21%         1
 Call Imp                 Summ           8%         N/A       30%         2
 Cigotuvi's Dreadful Rot  Necr/Pois/Air  8%         N/A       30%         2
 Ensorcelled Hibernation  Hex/Ice        8%         N/A       30%         2
 Static Discharge         Conj/Air       8%         2-3/arc   30%         2
 Confusing Touch          Hex            4%         N/A       50%         3
 Dazzling Flash           Conj/Hex       8%         N/A       50%         3
 Mephitic Cloud           Conj/Pois/Air  4%         N/A       50%         3
 Ozocubu's Armour         Ice            4%         N/A       50%         3
 Stone Arrow              Conj/Erth      8%         3d7       50%         3
 Swiftness                Air            4%         N/A       50%         3
 Vampiric Draining        Necr           4%         2d6       50%         3
 Airstrike                Air            2%         2d(1-17)  87%         4
 Anguish                  Hex/Necr       2%         N/A       87%         4
 Dispel Undead            Necr           4%         3d7       87%         4
 Fulminant Prism          Conj/Hex       2%         3d5       87%         4
 Leda's Liquefaction      Hex/Erth       2%         N/A       87%         4
 Olgreb's Toxic Radiance  Pois           4%         N/A       87%         4
 Summon Lightning Spire   Summ/Air       4%         N/A       87%         4
 Agony                    Necr           4%         N/A       99%         5
 Freezing Cloud           Conj/Ice/Air   2%         6-21      99%         5
 Lee's Rapid Deconstruct  Erth           2%         3d4*      99%         5
 Metabolic Englaciation   Hex/Ice        2%         N/A       99%         5
 Silence                  Hex/Air        2%         N/A       99%         5
 Summon Mana Viper        Hex/Summ       4%         N/A       99%         5
 Conjure Ball Lightning   Conj/Air       2%         3x3d6     100%        6
 Death Channel            Necr           2%         N/A       100%        6
 Leda's Unmaking          Conj/Erth      2%         9d1       100%        6
 Summon Cactus Giant      Summ           2%         N/A       100%        6
 Haunt                    Necr/Summ      2%         N/A       100%        7
 Borgnjor's Revivificati  Necr           2%         N/A       100%        8
 Discord                  Hex            2%         N/A       100%        8
 Lehudib's Crystal Spear  Conj/Erth      2%         10d2      100%        8
 Death's Door             Necr           2%         N/A       100%        9
 Dragon's Call            Summ           2%         N/A       100%        9
 Polar Vortex             Ice            2%         N/A       100%        9
 Apportation              Tloc           Unusable   N/A       N/A         1
 Passwall                 Tmut/Erth      Unusable   N/A       N/A         2
 Ignite Poison            Fire/Tmut/Pois Unusable   N/A       N/A         3
 Volatile Blastmotes      Fire/Tloc      Unusable   2d11      N/A         3
 Animate Armour           Summ/Erth      Unusable   N/A       N/A         4
 Iskenderun's Mystic Bla  Conj/Tloc      Unusable   2d3       N/A         4
 Alistair's Intoxication  Tmut/Pois      Unusable   N/A       N/A         5
 Summon Forest            Summ/Tloc      Unusable   N/A       N/A         5
 Yara's Violent Unravell  Hex/Tmut       Unusable   3d3       N/A         5
 Disjunction              Tloc           Unusable   N/A       N/A         8
 Fire Storm               Conj/Fire      Unusable   8d1       N/A         9

Dungeon Overview and Level Annotations

Branches:
Dungeon (15/15)            Temple (1/1) D:4            Lair (5/5) D:10
  Swamp (4/4) Lair:3        Snake (4/4) Lair:3        Slime (5/5) Lair:5
    Orc (2/2) D:11            Elf (3/3) Orc:2        Vaults (3/5) D:14
 Depths (4/4) D:15            Zot (5/5) Depths:4     Bailey (visited)
Gauntlet (visited)
  Crypt: Vaults:2-3

Altars:
Ashenzari
Cheibriados
Dithmenos
Elyvilon
Fedhas
Gozag
Hepliaklqana
Kikubaaqudgha
Makhleb
Nemelex Xobeh
Okawaru
Qazlal
Ru
Sif Muna
Trog
Uskayaw
Vehumet
Wu Jian
Xom
Yredelemnul
Zin
The Shining One
Jiyva

Shops:
D:4 ?   D:15 *==   Orc:2 (:??!   Elf:1 ([   Elf:2 [   Snake:3 (?[[   Vaults:1 *

Portals:
Hell: Depths:1 Depths:4
Abyss: Depths:1
Pandemonium: Depths:2 Depths:4

Annotations:
D:2 1 runed translucent door, Crazy Yiuf
D:7 2 transporters, AlmostDecent's ghost, novice GnIE
D:10 1 exclusion
Snake:3 2 transporters, RepHenryClay's ghost, adept DjEE
Elf:2 3 runed translucent doors


Innate Abilities, Weirdness & Mutations

You are a lightning-filled tempest!
Your electrical attacks strike out in all directions at once.
You are incredibly evasive.
Your insubstantial body is immune to petrification, constriction, and being set on fire You are flying.
Your armour is entirely melded.
You are incapable of wielding weapons or throwing items.
You cannot wear most types of armour.
You are amphibious.
You can wear up to eight rings at the same time.
You are immune to poison.
((Your skin changes colour to match your surroundings (Stealth+).))
You are very dopey. (Int -4)
Your magical capacity is low. (-10% MP)
((Your rubbery body absorbs attacks. (AC +1, EV +1)))
Potions are less effective at restoring your health.
You sometimes lose the ability to drink potions when taking damage.
You cannot study or use magical devices.
You cannot study or cast Fire magic.
You cannot study or cast Translocations magic.
You cannot study or cast Transmutations magic.
Your casting is slightly disrupted.
((You are camouflaged when in or above water. (Stealth+)))
((You have tentacles for arms and can constrict up to eight enemies at once.))
You are frail. (-10% HP)
You are weak. (Str -2)


Message History

You miss the Executioner.
The Executioner is heavily wounded.
The Executioner barely misses you.
The Executioner completely misses you. x2
You completely miss the Executioner. You punch the Executioner!
The Executioner is severely wounded.
The Executioner completely misses you.
The Executioner hits you but does no damage. x2
You batter the Executioner!!
You kill the Executioner!
You hit the large abomination but do no damage.
Lightning courses through the large abomination!
The large abomination is lightly damaged.
You blast the large abomination!!!!
Lightning courses through the large abomination!
You destroy the large abomination!
There is an open door here.
(D) Dungeon (T) Temple (L) Lair (S) Swamp (P) Snake Pit (M) Slime Pits (O) Orcish Mines (E) Elven Halls (V) Vaults (U) Depths (H) Hell (Z) Zot
Where to? (Enter - D:1 @ (x,y), ? - help)
You feel energetic enough to blinkbolt again.
Your extra speed is starting to run out.
You feel yourself slow down.
An Orb Guardian comes into view.
The shock of your passage hits the Orb Guardian.
The Orb Guardian is lightly wounded.
You blink.
Unknown command.
You blast the Orb Guardian!!!
The Orb Guardian is almost dead.
You hit the Orb Guardian.
Lightning courses through the Orb Guardian!!
You kill the Orb Guardian!
(D) Dungeon (T) Temple (L) Lair (S) Swamp (P) Snake Pit (M) Slime Pits (O) Orcish Mines (E) Elven Halls (V) Vaults (U) Depths (H) Hell (Z) Zot
Where to? (Enter - D:1 @ (x,y), ? - help)
You feel energetic enough to blinkbolt again.
There is a staircase leading out of the dungeon here.
You have escaped!

#..........## ##..........#
#.####......## ##......####.#
#..# ##......## ##......##
#..# ##.## ##......##
##......## ##.## .#..##
##......###......## ##..##
.##..## ##......#......##
##..##. ..##..##
##...........## ##..###.
...##..## ##.........##
##..## #.
.#..##..#####...v.(.#####..##
#.
.##..##...####.....####...##
#.
.###..###...###...###...###
#. .####..####...........###
#. .)........#############
##. ######.......# ###### #..
..#.....#.##.# #....###.#
#.#.#...#.##.### #....##..#
#.#.#####.##...## #....'..##


There were no monsters in sight!

Vanquished Creatures
  the Royal Jelly (Slime:5)
  An orb of fire (Zot:1)
  Mara (Snake:3)
  Sojobo (Depths:1)
  Parghit (Depths:4)
  A Killer Klown (Zot:5)
  Vashnia (Snake:4)
  2 golden dragons
  A bone dragon (Swamp:4)
  An electric golem (Zot:1)
  2 doom hounds (Zot:1)
  6 tentacled monstrosities
  9 Orb Guardians
  A Hell Sentinel (Zot:2)
  2 liches (Depths:2)
  A walking frostbound tome (Depths:2)
  2 deep elf master archers (Elf:3)
  3 Executioners
  14 acid blobs
  Grunn (Zot:1)
  2 thorn hunters
  Frances (Elf:1)
  2 death cobs
  2 sphinxes
  2 shadow dragons
  3 storm dragons
  Kirke (D:14)
  Aizul (Snake:4)
  6 tengu reavers
  7 azure jellies (Slime:5)
  5 nagarajas
  A draconian knight (Depths:4)
  10 rockslimes
  10 frost giants
  7 deep elf sorcerers
  4 fire giants
  A draconian scorcher (Zot:3)
  An iron dragon (Depths:2)
  2 draconian shifters (Zot:3)
  A frost giant (shapeshifter) (Vaults:1)
  An orc warlord (Vaults:2)
  A ghost moth (Zot:5)
  2 vault wardens
  The ghost of GamesABlazin the Protected, a journeyman AtFi of Trog (Snake:2)
  7 ironbound preservers
  A draconian annihilator (Depths:4)
  A reaper (D:3)
  An angel (Depths:4)
  4 deep elf elementalists (Elf:3)
  A draconian stormcaller (Zot:4)
  12 quicksilver oozes
  6 stone giants
  7 formless jellyfish
  23 very ugly things
  3 spriggan defenders
  2 vampire knights
  2 ironbound thunderhulks
  7 deep elf demonologists
  8 eleionomae
  A lorocyproca (Depths:1)
  4 black draconians
  2 spark wasps (Depths:2)
  A green draconian (Zot:3)
  A red draconian (Depths:4)
  9 deep elf annihilators
  A minotaur (Gauntlet)
  2 yellow draconians (Zot:1)
  2 white draconians
  4 dire elephants (Vaults:2)
  3 purple draconians
  5 bunyips
  Snorg (D:14)
  A blizzard demon (D:8)
  6 ettins
  8 fire dragons
  5 yaktaur captains
  7 deep elf death magi
  A shambling mangrove (Swamp:4)
  8 deep elf high priests (Elf:3)
  8 great orbs of eyes
  4 ice dragons
  2 rakshasas (Depths:2)
  12 vault guards
  8 hydras
  4 spriggan air magi
  2 salamander tyrants (Snake:4)
  14 anacondas
  7 ironbound frosthearts
  2 ogre magi (Orc:2)
  A death knight (D:10)
  6 boulder beetles
  4 centaur warriors
  9 naga warriors
  9 dancing weapons
  8 alligators
  3 ghost crabs
  3 deep troll shamans
  A demonic crawler (Abyss:3)
  2 two-headed ogres
  22 death yaks
  9 tengu warriors
  3 spriggan berserkers
  6 deep troll earth magi
  10 shock serpents
  A soul eater (Depths:4)
  14 naga sharpshooters
  2 hell knights (Depths:4)
  12 deep elf knights
  3 iron trolls
  3 skysharks
  A sixfirhy (D:1)
  A death drake (Swamp:4)
  33 deep trolls
  4 goliath frogs
  3 spectral hydras (Swamp:4)
  5 swamp dragons
  8 salamander mystics
  6 glowing orange brains
  5 sea snakes (Snake:2)
  3 orange crystal statues
  8 deep elf archers
  6 bog bodies
  7 lindwurms
  13 starcursed masses (Abyss:3)
  5 naga ritualists
  2 wizards
  7 ironbound convokers
  Pikel (D:8)
  6 necromancers
  12 orc sorcerers
  18 deep elf pyromancers
  A wolf spider (D:15)
  5 phantasmal warriors
  11 mana vipers
  3 orc knights
  12 deep elf zephyrmancers
  4 will-o-the-wisps
  A manticore (shapeshifter) (Depths:4)
  26 ugly things
  5 shining eyes
  16 salamanders
  10 elephants
  An elephant (shapeshifter) (D:10)
  A toenail golem (Zot:5)
  4 moths of wrath
  6 cyclopes
  2 manticores
  26 black mambas
  6 guardian serpents (Snake:4)
  A guardian serpent (shapeshifter) (D:14)
  An apocalypse crab (Abyss:3)
  19 naga magi
  12 vault sentinels
  2 orange demons (Depths:2)
  2 eyes of devastation
  An ice statue (Gauntlet)
  A torpor snail (Gauntlet)
  4 centaur skeletons (D:14)
  Maggie (D:7)
  28 cane toads
  16 yaktaurs
  An unseen horror (D:13)
  2 hellions
  Psyche (D:9)
  3 swamp worm zombies (Swamp:4)
  3 ice devils
  2 kobold demonologists
  A tormentor (Depths:2)
  A freezing wraith (Vaults:2)
  4 rime drakes
  An ancient zyme (Abyss:3)
  5 komodo dragons
  6 tengu conjurers
  5 trolls
  A red devil (Depths:2)
  3 bloated husks
  4 hydra zombies (Swamp:4)
  2 polar bears
  3 hellwings
  Prince Ribbit (Bailey)
  3 meliai (D:15)
  Grinder (D:6)
  9 tyrant leeches
  A spectral swamp dragon (Swamp:4)
  14 hornets
  40 blink frogs
  11 dream sheep
  6 alligator zombies (Swamp:4)
  A dream sheep (shapeshifter) (D:15)
  77 slime creatures
  2 air elementals (Elf:3)
  11 large abominations
  5 flying skulls (Gauntlet)
  2 shadows (D:9)
  3 water elementals
  13 spriggans
  A spriggan (shapeshifter) (D:10)
  Sigmund (D:3)
  8 humans (Bailey)
  A ynoxinul (Depths:2)
  56 yaks
  3 wraiths
  7 wyverns
  A redback (Depths:2)
  A basilisk (Lair:2)
  2 hogs (D:14)
  5 neqoxecs (Abyss:3)
  A steam dragon (D:7)
  2 fire elementals
  18 vampire mosquitoes
  A human simulacrum (Vaults:2)
  45 nagas
  12 swamp worms
  2 wargs
  3 acid dragons
  A floating eye (Slime:5)
  13 water moccasins
  Duvessa (D:6)
  An ice beast (D:7)
  2 black bears
  19 orc warriors
  A small abomination (Abyss:1)
  An ogre (shapeshifter) (Elf:1)
  4 ogres
  6 boggarts (Vaults:2)
  3 swamp dragon zombies (Swamp:4)
  11 wolves
  13 centaurs
  8 phantoms
  3 lemures (D:8)
  9 kobold brigands
  20 bullfrogs
  2 elf zombies (Elf:1)
  4 scorpions
  A gnoll sergeant (D:12)
  4 earth elementals
  24 wights
  Dowan (D:6)
  16 killer bees
  2 troll zombies (D:11)
  2 howler monkeys (D:12)
  9 electric eels
  5 hounds
  A jelly (D:6)
  3 gnoll boudas
  14 orc priests
  An iron imp (Abyss:1)
  3 iguanas
  A spectral swamp drake (Swamp:4)
  30 orc wizards
  13 hell rats
  6 ogre zombies (D:11)
  2 centaur simulacra
  10 gnolls
  2 river rats (D:10)
  2 swamp drake zombies (Swamp:4)
  7 adders
  5 white imps
  An ufetubus (D:5)
  3 worms
  2 dart slugs
  76 orcs
  4 ball pythons
  6 endoplasms
  5 giant cockroaches
  11 goblins
  10 hobgoblins
  2 jackals (D:2)
  9 quokkas
  6 bats
  3 frilled lizards (D:2)
  2 goblin skeletons
  4 goblin zombies
  3 hobgoblin skeletons (D:11)
  3 hobgoblin zombies (D:11)
  28 kobolds
  A kobold zombie (D:8)
  4 orc skeletons
  15 orc zombies (D:11)
  6 rats
  A spectral kobold (D:1)
1768 creatures vanquished.

Vanquished Creatures (others)
  A deep elf master archer (Elf:3)
  A deep elf elementalist (Elf:3)
  2 white draconians (Depths:4)
  A dancing weapon (Elf:3)
  A naga sharpshooter (Snake:1)
  A skeletal warrior (D:14)
  A deep elf pyromancer (Elf:1)
  A manticore (D:13)
  A slime creature (Slime:4)
  4 bloated husks
  A hornet (Swamp:4)
  A large abomination (Elf:1)
  2 humans (D:14)
  A phantom (Swamp:4)
  2 wights (D:9)
  An iguana (D:6)
  A spectral swamp drake (Swamp:4)
  A gnoll (D:6)
  A worm (D:5)
  3 orcs
  10 foxfires
38 creatures vanquished.

Grand Total: 1806 creatures vanquished

Notes
Turn   | Place    | Note
-------+----------+-------------------------------------------
     0 | D:1      | Monkooky the Octopode Shapeshifter began the quest for the
                  | Orb.
     0 | D:1      | Reached XP level 1. HP: 14/14 MP: 1/1
   217 | D:1      | Found a faded altar of an unknown god.
   228 | D:1      | Prayed at the altar of an unknown god.
   228 | D:1      | Became a worshipper of Ru the Awakened
   237 | D:1      | Gained mutation: You cannot study or use magical devices.
                  | [Ru sacrifice]
   237 | D:1      | Reached * piety under Ru
   237 | D:1      | Reached ** piety under Ru
   429 | D:1      | Reached XP level 2. HP: 19/19 MP: 2/2
   971 | D:2      | Reached XP level 3. HP: 24/24 MP: 3/3
  1155 | D:2      | Reached XP level 4. HP: 26/30 MP: 4/4
  1414 | D:2      | Found a runed translucent door.
  1415 | D:2      | Noticed Crazy Yiuf
  2034 | D:3      | Reached XP level 5. HP: 35/36 MP: 5/5
  2082 | D:3      | Noticed Sigmund
  2089 | D:3      | Killed Sigmund
  2090 | D:3      | Reached skill level 5 in Unarmed Combat
  2090 | D:3      | Reached XP level 6. HP: 42/42 MP: 6/6
  2504 | D:4      | Found Byaqinud's Magic Scroll Boutique.
  2529 | D:4      | Gained mutation: You cannot study or cast Fire magic. [Ru
                  | sacrifice]
  2529 | D:4      | Gained mutation: You cannot study or cast Transmutations
                  | magic. [Ru sacrifice]
  2529 | D:4      | Gained mutation: You cannot study or cast Translocations
                  | magic. [Ru sacrifice]
  2529 | D:4      | Reached *** piety under Ru
  2556 | D:4      | Found a sparkling altar of Nemelex Xobeh.
  2562 | D:4      | Bought a scroll of blinking for 105 gold pieces
  2562 | D:4      | Bought a scroll of immolation for 56 gold pieces
  2562 | D:4      | Bought a scroll of fog for 56 gold pieces
  2936 | D:4      | Found a staircase to the Ecumenical Temple.
  2953 | Temple   | Entered the Ecumenical Temple
  3355 | D:4      | Got Roaron's Secrets of Wildfire and Intoxication
  3513 | D:4      | Bought a scroll of identify for 28 gold pieces
  3537 | D:5      | Entered Level 5 of the Dungeon
  3541 | D:5      | Reached skill level 4 in Shapeshifting
  3632 | D:5      | Found a glowing silver altar of Zin.
  3651 | D:5      | Reached XP level 7. HP: 45/46 MP: 7/7
  4246 | D:5      | Reached skill level 5 in Shapeshifting
  4408 | D:6      | Noticed Duvessa
  4408 | D:6      | Noticed Dowan
  4408 | D:6      | Noticed Grinder
  4420 | D:6      | Killed Duvessa
  4445 | D:6      | Killed Dowan
  4588 | D:6      | Paralysed by Grinder for 2 turns
  4599 | D:6      | Reached skill level 6 in Shapeshifting
  4599 | D:6      | Reached XP level 8. HP: 46/52 MP: 8/8
  4611 | D:6      | Killed Grinder
  4710 | D:6      | Reached skill level 7 in Shapeshifting
  4828 | D:6      | Reached skill level 8 in Shapeshifting
  4955 | D:6      | Reached XP level 9. HP: 51/57 MP: 9/9
  5161 | D:6      | Gained mutation: You occasionally lose the ability to drink
                  | potions when taking damage. [Ru sacrifice]
  5161 | D:6      | Gained mutation: You sometimes lose the ability to drink
                  | potions when taking damage. [Ru sacrifice]
  5161 | D:6      | Reached **** piety under Ru
  5161 | D:6      | Reached ***** piety under Ru
  5211 | D:6      | Identified the +6 mace of Earthquakes {heavy, rC+ Dex+3
                  | Stlth+}
  5298 | D:6      | Reached skill level 9 in Shapeshifting
  5801 | D:7      | Found a transporter.
  5808 | D:7      | Found a transporter.
  5808 | D:7      | Noticed AlmostDecent's ghost (novice GnIE)
  5854 | D:7      | Found a stormy altar of Qazlal.
  6011 | D:7      | Noticed Maggie
  6013 | D:7      | Killed Maggie
  6014 | D:7      | Reached skill level 5 in Fighting
  6336 | D:7      | Noticed a queen bee
  6356 | D:7      | Reached XP level 10. HP: 52/66 MP: 10/10
  6746 | D:7      | Found a shadowy altar of Dithmenos.
  6981 | D:8      | Found a glowing golden altar of the Shining One.
  7373 | D:8      | Found a broken altar of Ashenzari.
  7405 | D:8      | Gained mutation: Your magical capacity is low. (-10% MP)
                  | [Ru sacrifice]
  7611 | D:8      | Found a snail-covered altar of Cheibriados.
  8017 | D:8      | Found a burning altar of Makhleb.
  8602 | D:8      | Noticed Pikel
  8645 | D:8      | Killed Pikel
  8920 | D:9      | Noticed a two-headed ogre
  8930 | D:9      | Killed a two-headed ogre
  8931 | D:9      | Reached skill level 5 in Dodging
  9095 | D:9      | Reached skill level 10 in Unarmed Combat
  9175 | D:9      | Found a flagged portal.
  9230 | Bailey   | Entered a bailey
  9243 | Bailey   | Reached XP level 11. HP: 71/75 MP: 9/9
  9483 | Bailey   | Noticed Prince Ribbit
  9483 | Bailey   | Noticed a vault guard
  9500 | Bailey   | Noticed a vault guard
  9501 | Bailey   | Killed a vault guard
  9501 | Bailey   | Killed Prince Ribbit
  9506 | Bailey   | Killed a vault guard
 10110 | D:9      | Noticed Psyche
 10117 | D:9      | Killed Psyche
 10354 | D:9      | Gained mutation: Potions are less effective at restoring
                  | your health. [Ru sacrifice]
 10559 | D:10     | Entered Level 10 of the Dungeon
 10781 | D:10     | Noticed a death yak
 10782 | D:10     | Noticed a death yak
 10784 | D:10     | Noticed a death yak
 10789 | D:10     | Killed a death yak
 10796 | D:10     | Killed a death yak
 10800 | D:10     | Killed a death yak
 10802 | D:10     | Found a staircase to the Lair.
 10924 | D:10     | Noticed a hell knight
 11132 | D:10     | Found an ornate altar of the Wu Jian Council.
 11178 | D:10     | Reached XP level 12. HP: 59/84 MP: 10/10
 11264 | D:10     | Noticed a death knight
 11271 | D:10     | Killed a death knight
 11359 | D:10     | Got Dacvuapt's Omnibus of the Merchant
 11901 | Lair:1   | Entered Level 1 of the Lair of Beasts
 12166 | Lair:1   | Noticed a death yak
 12166 | Lair:1   | Noticed a death yak
 12177 | Lair:1   | Reached skill level 10 in Shapeshifting
 12205 | Lair:1   | Noticed a death yak
 12206 | Lair:1   | Noticed a death yak
 12206 | Lair:1   | Noticed a death yak
 12207 | Lair:1   | Noticed a death yak
 12209 | Lair:1   | Killed a death yak
 12209 | Lair:1   | Killed a death yak
 12209 | Lair:1   | Killed a death yak
 12209 | Lair:1   | Killed a death yak
 12210 | Lair:1   | Reached XP level 13. HP: 73/90 MP: 2/11
 12669 | Lair:1   | Gained mutation: You are dopey. (Int -2) [Ru sacrifice]
 13396 | Lair:2   | Reached skill level 10 in Fighting
 13721 | Lair:2   | Reached skill level 11 in Shapeshifting
 14744 | Lair:3   | Identified the +1 quarterstaff "Hypruri" {heavy, Int+3
                  | Dex+3}
 15213 | Lair:3   | Gained mutation: Your casting is slightly disrupted. [Ru
                  | sacrifice]
 15213 | Lair:3   | Reached ****** piety under Ru
 15474 | Lair:3   | Found a staircase to the Snake Pit.
 15919 | Lair:3   | Found a staircase to the Swamp.
 16957 | D:11     | Found a staircase to the Orcish Mines.
 17643 | Orc:1    | Entered Level 1 of the Orcish Mines
 17908 | Orc:1    | Reached XP level 14. HP: 83/99 MP: 12/12
 18078 | Orc:1    | Reached skill level 12 in Shapeshifting
 18342 | Orc:1    | Reached skill level 10 in Dodging
 18936 | Orc:2    | Entered Level 2 of the Orcish Mines
 19144 | Orc:2    | Found a staircase to the Elven Halls.
 19184 | Orc:2    | Paralysed by an orc sorcerer for 2 turns
 19365 | Orc:2    | Found Tuthrusk's Distillery.
 19394 | Orc:2    | Bought a potion of might for 52 gold pieces
 19394 | Orc:2    | Bought a potion of enlightenment for 65 gold pieces
 19557 | Orc:2    | Found an ancient bone altar of Kikubaaqudgha.
 19625 | Orc:2    | Found Zaz Zugi's Magic Scroll Shoppe.
 19703 | Orc:2    | Found a radiant altar of Vehumet.
 19741 | Orc:2    | Found Kysh's Book Emporium.
 19747 | Orc:2    | Found Jair's Magic Scroll Shoppe.
 19758 | Orc:2    | Found Mihovar's Antique Weapon Emporium.
 19872 | Orc:2    | Bought a scroll of silence for 142 gold pieces
 20583 | Lair:4   | Found a gate leading to a gauntlet.
 20593 | Gauntlet | Entered a Gauntlet
 20593 | Gauntlet | Found a transporter.
 20678 | Gauntlet | Found a transporter.
 20682 | Gauntlet | Found a transporter.
 20693 | Gauntlet | Found a transporter.
 20694 | Gauntlet | Found a transporter.
 20702 | Gauntlet | Found a transporter.
 20706 | Gauntlet | Found a transporter.
 20717 | Gauntlet | Found a transporter.
 20718 | Gauntlet | Found a transporter.
 20726 | Gauntlet | Found a transporter.
 20757 | Gauntlet | Found a transporter.
 20769 | Gauntlet | Found a transporter.
 20782 | Gauntlet | Found a transporter.
 20795 | Gauntlet | Found a transporter.
 20979 | Gauntlet | Identified the amulet of the Albatross {Harm Regen+}
 21104 | Gauntlet | Reached skill level 13 in Shapeshifting
 21620 | Lair:4   | Reached XP level 15. HP: 98/98 MP: 13/13
 22385 | Lair:5   | Entered Level 5 of the Lair of Beasts
 22660 | Lair:5   | Found a staircase to the Slime Pits.
 22660 | Lair:5   | Found a viscous altar of Jiyva.
 22986 | Lair:5   | Reached skill level 14 in Shapeshifting
 23550 | Orc:2    | Bought 3 scrolls of fear for 180 gold pieces
 24525 | Lair:5   | HP: 5/109 [poisoned by a cane toad]
 24906 | Lair:5   | Got the Lessons on Charmed Vapour
 24932 | Lair:5   | Reached skill level 15 in Shapeshifting
 26278 | D:12     | Identified the +4 tower shield of Patience {Str+2}
 28023 | D:13     | Identified 2 scrolls of acquirement
 28024 | D:13     | Acquired a +2 hat of stealth
 28026 | D:13     | Acquired a ring of flight
 28189 | D:14     | Noticed Kirke
 28200 | D:14     | Killed Kirke
 28201 | D:14     | Reached XP level 16. HP: 114/114 MP: 14/14
 28219 | D:14     | Reached skill level 16 in Shapeshifting
 28318 | D:14     | Found a shadowy altar of Dithmenos.
 28794 | D:14     | Noticed Snorg
 28800 | D:14     | Killed Snorg
 28811 | D:14     | HP: 6/127 [poisoned by a kobold brigand (curare-tipped
                  | dart)]
 29888 | D:14     | Identified the +3 falchion "Feply" {freeze, Fly rElec rCorr
                  | Dex-5}
 30377 | D:14     | Found a gate to the Vaults.
 30598 | Swamp:1  | Entered Level 1 of the Swamp
 30830 | Snake:1  | Entered Level 1 of the Snake Pit
 31033 | Snake:1  | Reached skill level 17 in Shapeshifting
 32198 | Snake:2  | Noticed a nagaraja
 32208 | Snake:2  | Killed a nagaraja
 32591 | Snake:2  | Reached skill level 18 in Shapeshifting
 32884 | Snake:2  | Found a runed translucent door.
 32884 | Snake:2  | Noticed GamesABlazin's ghost (journeyman AtFi)
 32901 | Snake:2  | Killed GamesABlazin's ghost
 32905 | Snake:2  | Got the Discursus on Changing Skeletons
 33110 | Swamp:1  | Reached XP level 17. HP: 85/119 MP: 15/15
 33643 | Swamp:1  | Identified the ring of the Tempest {Will+ rCorr Str+3}
 33678 | Swamp:1  | Upgraded the game from 0.31-a0-303-gdc8c9485ea to
                  | 0.31-a0-319-g4fced400ed
 34158 | Swamp:2  | Reached skill level 19 in Shapeshifting
 35361 | Swamp:4  | Entered Level 4 of the Swamp
 35969 | Swamp:4  | Reached skill level 20 in Shapeshifting
 36558 | Swamp:4  | Noticed a bone dragon
 36562 | Swamp:4  | Killed a bone dragon
 37049 | Swamp:4  | Got a decaying rune of Zot
 37261 | Snake:3  | Reached skill level 1 in Stealth
 37266 | Snake:3  | Reached XP level 18. HP: 80/126 MP: 16/16
 37449 | Snake:3  | Found a transporter.
 37454 | Snake:3  | Noticed RepHenryClay's ghost (adept DjEE)
 37467 | Snake:3  | Found a transporter.
 37559 | Snake:3  | Found Xaofas's Armour Boutique.
 37559 | Snake:3  | Found Nevoull's Magic Scroll Shop.
 37560 | Snake:3  | Found Qatwaz's Armour Boutique.
 37564 | Snake:3  | Found Gempawom's Antique Weapon Shop.
 37591 | Snake:3  | Bought a scroll of poison for 84 gold pieces
 37591 | Snake:3  | Bought a scroll of poison for 84 gold pieces
 37637 | Snake:3  | Reached skill level 5 in Stealth
 37834 | Snake:3  | Noticed Mara
 37836 | Snake:3  | Noticed Monkooky's illusion
 37845 | Snake:3  | Killed Mara
 37850 | Snake:3  | Reached skill level 15 in Unarmed Combat
 38257 | Snake:4  | Entered Level 4 of the Snake Pit
 39171 | Snake:4  | Noticed Vashnia
 39176 | Snake:4  | Killed Vashnia
 39350 | Snake:4  | Noticed Aizul
 39370 | Snake:4  | Killed Aizul
 39548 | Snake:4  | Reached XP level 19. HP: 104/135 MP: 17/17
 39562 | Snake:4  | Got a serpentine rune of Zot
 40236 | Elf:1    | Entered Level 1 of the Elven Halls
 40360 | Elf:1    | Found Rawutef's Weapon Emporium.
 40364 | Elf:1    | Found Fifoevaj's Antique Armour Emporium.
 40482 | Elf:1    | Reached skill level 21 in Shapeshifting
 40789 | Elf:1    | Noticed Frances
 40795 | Elf:1    | Killed Frances
 40899 | Elf:1    | Acquired the ring of the Heavens {rN+ MP+9 Dex+6}
 41269 | Elf:1    | Got the Exposition on Shades
 41301 | Elf:2    | Found Waubar's Antique Armour Emporium.
 41353 | Elf:2    | Found a runed translucent gate.
 41354 | Elf:2    | Found a runed translucent gate.
 41354 | Elf:2    | Found a runed translucent gate.
 41689 | Elf:3    | Entered Level 3 of the Elven Halls
 42523 | Elf:3    | Reached skill level 15 in Fighting
 42523 | Elf:3    | Paralysed by an air elemental for 1 turns
 42913 | Elf:3    | Noticed an Ice Fiend
 43252 | Elf:3    | Reached XP level 20. HP: 132/145 MP: 18/18
 43433 | Elf:3    | Identified the +5 trident "Houhin" {pain, Int+4}
 43433 | Elf:3    | Identified the ring of the Tick {rElec AC+4 Int+2}
 43454 | Elf:3    | Identified the +4 great sword of Satyriasis {flame, rF+
                  | Int+4}
 43529 | Elf:3    | Got the Enchiridion on the Feculent Crevasse
 43550 | Elf:3    | Identified the +2 great sword "Olloong" {freeze, rElec}
 43890 | D:15     | Entered Level 15 of the Dungeon
 43949 | D:15     | Found Xopt's General Store.
 43958 | D:15     | Bought 2 potions of heal wounds for 130 gold pieces
 43958 | D:15     | Bought a scroll of fog for 52 gold pieces
 43958 | D:15     | Bought a scroll of poison for 52 gold pieces
 44047 | D:15     | Found Souvuuta's Jewellery Shop.
 44050 | D:15     | Bought the ring "Dighunle" {AC+4 Int+3} for 542 gold pieces
 44050 | D:15     | Bought the ring "Weokic" {rElec Str+6 Dex+2} for 596 gold
                  | pieces
 44429 | D:15     | Found a staircase to the Depths.
 44473 | D:15     | Found Lurgh's Jewellery Boutique.
 44578 | Vaults:1 | Entered Level 1 of the Vaults
 45445 | Vaults:1 | Found Lyddihi's Assorted Antiques.
 45463 | Vaults:1 | Bought a scroll labelled KYCROYHUSE for 31 gold pieces
 45463 | Vaults:1 | Bought a scroll of torment for 294 gold pieces
 45937 | Vaults:2 | Reached skill level 15 in Dodging
 46614 | Vaults:2 | Reached XP level 21. HP: 115/154 MP: 18/18
 46783 | Vaults:2 | Identified the +5 shortbow of Sharkskin {drain, Will+}
 47605 | Slime:1  | Entered Level 1 of the Pits of Slime
 47967 | Slime:4  | Reached skill level 10 in Stealth
 47998 | Slime:5  | Entered Level 5 of the Pits of Slime
 48033 | Slime:5  | Noticed the Royal Jelly
 48041 | Slime:5  | Killed the Royal Jelly
 48690 | Slime:5  | Identified the ring "Trusted Companion" {Fly rC+ rN+ MP-9}
 48692 | Slime:5  | Identified the +1 arbalest of Eternal Vigilance {speed,
                  | Dex+4}
 48716 | Slime:5  | Identified the +6 dagger of Karma {protect, rN+ Will-
                  | Dex+2}
 48753 | Slime:5  | Identified the +7 hand axe "Jauggim" {freeze, *Noise rCorr
                  | MP+9 Int+6}
 48755 | Slime:5  | Got a slimy rune of Zot
 48829 | Slime:5  | Gained mutation: You are frail. (-10% HP) [a shining eye]
 49522 | Depths:1 | Entered Level 1 of the Depths
 49569 | Depths:1 | Reached skill level 1 in Spellcasting
 49609 | Depths:1 | Found a gateway to Hell.
 49645 | Depths:1 | Reached XP level 22. HP: 148/148 MP: 23/23
 49670 | Depths:1 | Noticed Sojobo
 49678 | Depths:1 | Killed Sojobo
 49894 | Depths:1 | Reached skill level 5 in Spellcasting
 50010 | Depths:1 | Found a portal to a secret trove of treasure.
 50188 | Depths:1 | Found a one-way gate to the infinite horrors of the Abyss.
 50204 | Depths:1 | Voluntarily entered the Abyss.
 50305 | Abyss:3  | Found a corrupted altar of Lugonu.
 50306 | Abyss:3  | Paralysed by accursed screaming for 1 turns
 50311 | Abyss:3  | Paralysed by accursed screaming for 2 turns
 50317 | Abyss:3  | Got an abyssal rune of Zot
 50358 | Abyss:3  | Found a corrupted altar of Lugonu.
 50376 | Depths:1 | Escaped the Abyss
 50443 | Depths:1 | You showed the abyssal rune of Zot to enter a treasure
                  | trove
 50444 | Trove    | Entered a treasure trove
 50460 | Trove    | Found the +3 warlock's mirror {omnireflect}
 50465 | Trove    | Identified the amulet "Cyckic" {Faith Will+ Slay+3}
 50467 | Trove    | Identified the ring "Exuc" {Fire Will- Dex+5}
 50502 | Trove    | Identified the +5 scale mail "Anotzao" {Regen+}
 51347 | Depths:2 | Found a one-way gate leading to the halls of Pandemonium.
 51600 | Orc:2    | Bought a scroll of fear for 60 gold pieces
 51600 | Orc:2    | Bought a scroll of poison for 60 gold pieces
 51600 | Orc:2    | Bought a scroll of fog for 60 gold pieces
 51600 | Orc:2    | Bought a scroll of teleportation for 45 gold pieces
 51600 | Orc:2    | Bought a scroll of immolation for 60 gold pieces
 51600 | Orc:2    | Bought a scroll of teleportation for 45 gold pieces
 51906 | Snake:3  | Bought a scroll of fear for 84 gold pieces
 51906 | Snake:3  | Bought a scroll of fear for 84 gold pieces
 51906 | Snake:3  | Bought a scroll of revelation for 157 gold pieces
 51906 | Snake:3  | Bought a scroll of fear for 84 gold pieces
 52699 | Depths:4 | Entered Level 4 of the Depths
 53117 | Depths:4 | Reached XP level 23. HP: 153/153 MP: 32/32
 53965 | Depths:4 | Noticed Parghit
 53973 | Depths:4 | Killed Parghit
 54013 | Depths:4 | Noticed a golden dragon
 54016 | Depths:4 | Found a gate to the Realm of Zot.
 54018 | Depths:4 | Killed a golden dragon
 54093 | Zot:1    | Entered Level 1 of the Realm of Zot
 54117 | Zot:1    | Noticed an orb of fire
 54120 | Zot:1    | Gained mutation: You are very dopey. (Int -4) [an orb of
                  | fire]
 54131 | Zot:1    | Killed an orb of fire
 54134 | Zot:1    | Noticed Grunn
 54149 | Zot:1    | Killed Grunn
 54655 | Zot:5    | Entered Level 5 of the Realm of Zot
 54656 | Zot:5    | Noticed a golden dragon
 54691 | Zot:5    | Killed a golden dragon
 55035 | Zot:5    | Noticed a Killer Klown
 55039 | Zot:5    | Killed a Killer Klown
 55311 | Zot:5    | Reached skill level 22 in Shapeshifting
 55466 | Zot:5    | Noticed an orb of fire
 55466 | Zot:5    | Noticed a golden dragon
 55466 | Zot:5    | Noticed an orb of fire
 55467 | Zot:5    | Noticed a golden dragon
 55468 | Zot:5    | Noticed an orb of fire
 55469 | Zot:5    | Gained mutation: You are weak. (Str -2) [an orb of fire]
 55470 | Zot:5    | Noticed a Killer Klown
 55470 | Zot:5    | Noticed an orb of fire
 55471 | Zot:5    | Noticed an orb of fire
 55472 | Zot:5    | Noticed an ancient lich
 55475 | Zot:5    | Got the Orb of Zot
 55593 | Zot:4    | Noticed Puerghiak the pandemonium lord
 56090 | D:8      | Noticed a seraph
 56307 | D:$      | Escaped with the Orb!

Illustrated notes

Levels and vault maps discovered:
D:1:      dpeg_arrival_central, layout_basic,
          dreamdust_ecumenical_altar_drowned_temple
D:2:      minmay_skewed_foursquare, layout_loops_ring, nicolae_half_adder,
          uniq_crazy_yiuf_cottage
D:3:      layout_basic, uniq_sigmund
D:4:      layout_basic, nemelex_xobeh_ov_fountains_minmay,
          minmay_temple_entry_proselytizer, serial_shops, nicolae_shop_peninsula
D:5:      layout_loops_corners, nicolae_overflow_crystal_walls
D:6:      layout_basic, serial_rivers, chequers_serial_rivers_small_b,
          chequers_serial_rivers_room_a, chequers_serial_rivers_marsh,
          chequers_serial_rivers_large_b, minmay_diced_spiral, uniq_duvessa,
          uniq_grinder
D:7:      minmay_klotski, layout_cave_pods, nicolae_qazlal_style_of_elements,
          mainiacjoe_overflow_alcove_2, gammafunk_ghost_hive, uniq_maggie
D:8:      layout_layer_cave, mainiacjoe_overflow_paths,
          makhleb_blood_cavern_becter, nicolae_tso_besieged_by_evil,
          evilmike_ruin_ashenzari, serial_co_window_serial, co_window_cross_1,
          co_window_paths_a, co_window_paths_a, co_window_paths_a,
          co_window_corner_a, co_window_corner_b, co_window_paths_c,
          co_window_of_opportunity_b, co_window_cross_2, co_window_4corner_a,
          co_window_4corner_b, glass_columns_b, glass_columns_a, uniq_pikel
D:9:      corexii_shack_village, layout_small_grid, enter_bailey_4,
          minmay_misc_feat_five, uniq_psyche
D:10:     minmay_shrinking_squares, layout_gridville, kennysheep_mini_moat,
          dpeg_lair_monsters, minmay_rotating_lava
D:11:     layout_grid_maze, zombieorc2_lemuel, hex_medium
D:12:     layout_rooms
D:13:     layout_gridville, hangedman_abyss_or_decor_clamps
D:14:     layout_roguey, hangedman_vaults_entry_quadrant_bands,
          serial_park_square2, hangedman_abyss_or_decor_lesser_grid,
          grunt_dithmenos_smoke, uniq_kirke, uniq_snorg
D:15:     hangedman_depths_entry_try_elsewhere_first, layout_long_grid,
          chequers_serial_rivers_micro_a, serial_shops,
          nicolae_shop_behind_doors, nicolae_shop_gibbet_a_chance,
          nicolae_lakefront_shop
Temple:   nicolae_temple_figure_eight
Lair:1:   layout_regular_city, serial_bayou_shore_b
Lair:2:   layout_gridlike, st_stairs_9, grunt_megastairs_5
Lair:3:   layout_layer_cave, minmay_swamp_entry_worms, dummy_snake_entry
Lair:4:   wad_woods_tower, layout_gridlike, gauntlet_entry_generic, st_stairs_6
Lair:5:   minmay_lair_end_frog_pond, layout_cave_shapes, slime_entry_1,
          lemuel_fruit_tree
Swamp:1:  layout_basic_swamp, nicolae_swamp_decorative_isthmus,
          infiniplex_staircase_pool_2
Swamp:2:  layout_basic_swamp, evilmike_swamp_ruin_house_5, swamp_pool1,
          infiniplex_staircase_pool
Swamp:3:  layout_basic_swamp, nicolae_swamp_feature_on_the_river_bank,
          swamp_pool1
Swamp:4:  swamp_pestilence, layout_basic_swamp
Snake:1:  layout_grid_maze
Snake:2:  layout_basic, ebering_ghost_inner_flame
Snake:3:  layout_basic, gammafunk_ghost_berserking_beasts, minmay_shoptagon,
          uniq_mara
Snake:4:  snake_pit_salamanders_mu, layout_cave_pods, uniq_aizul, uniq_vashnia
Slime:1:  layout_caves, nicolae_slime_ancient_tower_intersection
Slime:2:  cheibrodos_slime_lost_civilization_2, layout_caves, special_room
          [special_room_jelly]
Slime:3:  layout_caves, nicolae_slime_phagocytosis
Slime:4:  layout_caves, nicolae_slime_rock_hall_of_fame
Slime:5:  slime_pit_nicolae_trefoil
Orc:1:    nicolae_orc_accident_1, layout_caves
Orc:2:    kennysheep_orc_mage_school, layout_diamond_mine, serial_shops, shop,
          basic_altar
Elf:1:    eino_elf_arrival_customs, layout_geoelf_octagon,
          minmay_elf_necromancy, minivault_19, minmay_shop_star, uniq_frances
Elf:2:    nicolae_elf_blades_crystal_corner, layout_geoelf_octagon,
          serial_shops, nicolae_square_shop
Elf:3:    minmay_elf_hall_not_hex, layout_geoelf_castle, st_stairs_10,
          minivault_23
Vaults:1: nicolae_vaults_network_quincunx
          [nicolae_vaults_network_quincunx_subvault,
          nicolae_vaults_network_quincunx_subvault,
          nicolae_vaults_network_quincunx_subvault,
          nicolae_vaults_network_quincunx_subvault,
          nicolae_vaults_network_quincunx_subvault], nicolae_vaults_alarming,
          nicolae_vaults_double_plus_1, grunt_vaults_trifunnel, st_cross,
          nicolae_vaults_three_branches, nicolae_vaults_offset_grid_hallway_2,
          nicolae_vaults_sealed_display, dpeg_vaults_monster_box,
          nicolae_vaults_ring_of_whatevers, nicolae_vaults_trapezoid_lopsided_3,
          layout_vaults_omnicross, serial_shops, nicolae_shop_peninsula
Vaults:2: nicolae_vaults_tangent_ellipses, v_misc_2, serial_ice_m,
          hangedman_vaults_impose, v_pattern_3,
          nicolae_vaults_offset_grid_hallway_4, v_misc_28, v_alt_pattern_5,
          nicolae_vaults_theta, nicolae_vaults_stepped_doors,
          ontoclasm_vaults_gateway, vaults_room_semicircle, v_misc_15,
          nicolae_vaults_diamond_2, layout_vaults_omnibox
Vaults:3: minmay_crypt_entry_simple_walls, v_misc_12, v_misc_26, v_misc_13,
          hangedman_vaults_river_flow, vaults_dpeg_ring, nicolae_vaults_heist,
          v_rooms_2, nicolae_vaults_weapon_check, layout_vaults_ring
Depths:1: layout_gridlike, hangedman_abyss_entry_splay, enter_trove_5,
          hell_entry, pan_entry, st_stairs_5, kennysheep_path_1,
          amcnicky_mini_rare_corridor_liquid, grunt_ministairs_4,
          grunt_decor_cap, dk_noncrumbling_4, xom_teletrap_fun, uniq_sojobo
Depths:2: minmay_the_grid_square_5x5_4x4 [minmay_the_grid_square_5x5_misaligned,
          minmay_the_grid_square_5x5_three_small,
          minmay_the_grid_square_5x5_minibox,
          minmay_the_grid_square_5x5_hourglass,
          minmay_the_grid_square_5x5_three,
          minmay_the_grid_square_5x5_prize_waves,
          minmay_the_grid_square_5x5_prize_gold,
          minmay_the_grid_square_5x5_empty, minmay_the_grid_square_5x5_spiral,
          minmay_the_grid_square_5x5_prize_rear_guard,
          minmay_the_grid_square_5x5_prize_monsterx,
          minmay_the_grid_square_5x5_beaten_path,
          minmay_the_grid_square_5x5_shrine1,
          minmay_the_grid_square_5x5_hollow_slash,
          minmay_the_grid_square_5x5_eight,
          minmay_the_grid_square_5x5_gyroscope], layout_gridlike,
          grunt_hell_horde, rand_demon_pan_entry_3, hangedman_stitches_earthworm
Depths:3: hellmonk_paralyzer, layout_gridlike, enter_ziggurat_e,
          minmay_room_of_horrors, nicolae_figureground_sparkle,
          grunt_hell_entry_dis_mu, infiniplex_staircase_squiggle
Depths:4: grunt_zot_entry_hairpin, layout_gridlike, hangedman_coc_ice_floe,
          rand_demon_pan_entry_4, serial_sigils_hangedman_snap, uniq_parghit
Zot:1:    layout_onion_interference, hangedman_zot_decor_unnerving_road,
          uniq_grunn
Zot:2:    layout_cathedral_of_symmetry, basic_altar, st_small_dragon_hoard_2
Zot:3:    kennysheep_oblong_rooms, layout_cathedral_of_symmetry,
          nicolae_diode_quadrants
Zot:4:    layout_twisted_circle, gammafunk_ghost_cemetery
Zot:5:    layout_concentric_octagons

Skill      XL: |  1  2  3  4  5  6  7  8  9 10 11 12 13 14 15 16 17 18 19 20 21 22 23 |
---------------+----------------------------------------------------------------------+-----
Unarmed Combat | 3 4 5 7 10 12 13 14 15 16 17 18 | 18.6
Fighting       | 3 5 7 8 9 10 11 12 13 15 16 18 | 18.8
Dodging        | 3 5 7 8 9 11 13 15 16 17 | 17.7
Shapeshifting  | 4 6 8 9 10 11 13 15 18 20 21 22 | 22.0
Stealth        | 1 7 8 11 13 | 13.5
Spellcasting   | 2 9 |  9.5

Action                     |  1- 3 |  4- 6 |  7- 9 | 10-12 | 13-15 | 16-18 | 19-21 | 22-24 || total
---------------------------+-------+-------+-------+-------+-------+-------+-------+-------++-------
  Melee: Unarmed           |    50 |    83 |   182 |   339 |   982 |   779 |   661 |   442 ||  3518
         Constrict         |    10 |    23 |    40 |    74 |   196 |    27 |       |       ||   370
         Tentacles         |     7 |    16 |    47 |    86 |   160 |       |       |       ||   316
         Punch             |     2 |     2 |    10 |    20 |    70 |    68 |    67 |    48 ||   287
         Maw               |       |       |    17 |   133 |   218 |       |       |       ||   368
  Throw: Dart              |       |     4 |     8 |     3 |     5 |       |       |       ||    20
 Invoke: Sacrifice Artific |     1 |       |       |       |       |       |       |       ||     1
         Sacrifice Arcana  |       |     1 |       |       |       |       |       |       ||     1
         Draw Out Power    |       |       |     3 |     2 |     3 |       |       |       ||     8
         Apocalypse        |       |       |     1 |     7 |    12 |     4 |     4 |     1 ||    29
         Sacrifice Drink   |       |       |     1 |       |       |       |       |       ||     1
         Sacrifice Essence |       |       |       |     1 |     1 |       |       |       ||     2
         Sacrifice Purity  |       |       |       |     1 |     1 |       |       |       ||     2
         Power Leap        |       |       |       |       |     1 |       |       |       ||     1
Ability: Blinkbolt         |       |       |       |       |       |    75 |    89 |    42 ||   206
    Use: Scroll            |       |     5 |       |     3 |    16 |     4 |     5 |    16 ||    49
         Potion            |       |       |     4 |       |     4 |       |     5 |    12 ||    25
   Stab: Sleeping          |    10 |     7 |     3 |    12 |     5 |     4 |    23 |    11 ||    75
         Invisible         |       |     1 |     1 |     2 |     8 |    10 |       |     4 ||    26
         Distracted        |       |       |     1 |     4 |    14 |     7 |     6 |     8 ||    40
         Paralysed         |       |       |     1 |    13 |    29 |    10 |     6 |     4 ||    63
 Armour: Skin              |     5 |     2 |    24 |     4 |   119 |    70 |    35 |    25 ||   284
  Dodge: Dodged            |    29 |    33 |    93 |   128 |   569 |   726 |   516 |   478 ||  2572
   Form: Maw               |       |       |     1 |       |       |       |       |       ||     1
         Anaconda          |       |       |       |       |     1 |     1 |       |       ||     2
         Storm             |       |       |       |       |       |     2 |       |       ||     2

Table legend: (Time is in decaauts)
 A = Elapsed time spent in this place.
 B = Non-inter-level travel time spent in this place.
 C = Inter-level travel time spent in this place.
 D = Time resting spent in this place.
 E = Time spent auto-exploring this place.
 F = Levels seen in this place.
 G = Mean time per level.
                   A        B        C        D        E       F      G
               +--------+--------+--------+--------+--------+-----+--------+
         Total |  55443 |  49247 |   6196 |   9883 |  30520 |  57 |  972.7 |
       Dungeon |  19826 |  17166 |   2660 |   2622 |  11967 |  15 | 1321.7 |
        Temple |    232 |    207 |     25 |      0 |    206 |   1 |  232.0 |
          Lair |   9585 |   8356 |   1229 |   2162 |   5036 |   5 | 1917.0 |
         Swamp |   3766 |   3405 |    361 |    968 |   1821 |   4 |  941.5 |
     Snake Pit |   5097 |   4683 |    414 |    452 |   3397 |   4 | 1274.2 |
    Slime Pits |   1613 |   1471 |    142 |    344 |    603 |   5 |  322.6 |
  Orcish Mines |   2763 |   2274 |    489 |    312 |   1455 |   2 | 1381.5 |
   Elven Halls |   3333 |   3066 |    267 |    470 |   2045 |   3 | 1111.0 |
        Vaults |   2583 |   2496 |     87 |    366 |   1686 |   3 |  861.0 |
        Depths |   3450 |   2971 |    479 |    890 |   1488 |   4 |  862.5 |
           Zot |   1330 |   1291 |     39 |    518 |    317 |   5 |  266.0 |
         Abyss |    164 |    164 |      0 |      0 |     51 |   3 |   54.7 |
         Trove |     89 |     89 |      0 |      0 |     16 |   1 |   89.0 |
        Bailey |    638 |    638 |      0 |    172 |    303 |   1 |  638.0 |
      Gauntlet |    966 |    966 |      0 |    606 |    129 |   1 |  966.0 |
               +--------+--------+--------+--------+--------+-----+--------+

Top non-repeatable levels by time:
  Lair:3: 2754 daAuts
    D:13: 2057 daAuts
    D:14: 2053 daAuts
  Lair:2: 2041 daAuts
    D:11: 2026 daAuts
  Lair:4: 1959 daAuts
     D:8: 1953 daAuts
   Elf:3: 1755 daAuts
    D:10: 1702 daAuts
   Orc:2: 1674 daAuts
Depths:4: 1656 daAuts
Vaults:2: 1527 daAuts
     D:6: 1521 daAuts
  Lair:5: 1506 daAuts
 Snake:1: 1476 daAuts
